 Dungeon Crawl Stone Soup version 0.26-a0-682-g294304f6e8 (webtiles) character file.

Game seed: 14528762508107342955

679 jiml777 the Magician (level 7, -4/36 HPs)
             Began as a Deep Elf Air Elementalist on Oct 20, 2020.
             Slain by a centaur (9 damage)
             ... on level 5 of the Dungeon.
             The game lasted 00:37:01 (4492 turns).

jiml777 the Magician (Deep Elf Air Elementalist)    Turns: 4492, Time: 00:37:01

Health: -4/36      AC:  4    Str:  5    XL:     7   Next: 34%
Magic:  2/17       EV: 17    Int: 22    God:
Gold:   227        SH:  0    Dex: 15    Spells: 4/17 levels left

rFire    . . .     SeeInvis .   u - +1 dagger (speed)
rCold    . . .     Faith    .   (no shield)
rNeg     . . .     Spirit   .   a - +0 robe
rPois    .         Reflect  .   (no helmet)
rElec    .         Harm     .   (no cloak)
rCorr    .         Rampage  .   r - +0 pair of gloves
MR       .....                  k - +0 pair of boots
Stlth    ++........             d - amulet of regeneration
HPRegen  0.52/turn              b - +4 ring of evasion
MPRegen  0.15/turn              (no ring)

@: no status effects
A: no striking features
a: no special abilities


You were on level 5 of the Dungeon.
You visited 1 branch of the dungeon, and saw 5 of its levels.

You collected 227 gold pieces.

Inventory:

Hand Weapons
 u - a +1 dagger of speed (weapon)
Missiles
 i - 37 poisoned darts
 l - 132 stones (quivered)
Armour
 a - a +0 robe (worn)
 k - a +0 pair of boots (worn)
 r - a +0 pair of gloves (worn)
Jewellery
 b - a +4 ring of evasion (left hand)
 c - an uncursed ring of ice
 d - an amulet of regeneration (around neck)
Wands
 n - a wand of random effects (15)
 p - a wand of flame (14)
Scrolls
 s - a scroll of identify
 t - a scroll of fear
Potions
 e - 5 potions of curing
 f - a potion of magic
 g - 3 potions of heal wounds
 h - a potion of stabbing {unknown}
 j - a potion of berserk rage
 m - a potion of might
 o - a potion of resistance {unknown}


   Skills:
 + Level 3.3 Dodging
 + Level 2.8 Stealth
 + Level 5.8 Spellcasting
 + Level 3.4 Conjurations
 * Level 2.8 Translocations
 * Level 0.9 Transmutations
 + Level 5.0 Air Magic
 * Level 2.0 Earth Magic
 * Level 1.4 Evocations


You had 4 spell levels left.
You knew the following spells:

 Your Spells              Type           Power        Failure   Level
a - Shock                 Conj/Air       ####         1%          1
b - Swiftness             Air            ####....     1%          2
c - Static Discharge      Conj/Air       ####....     4%          3
d - Gell's Gravitas       Tloc           ###.......   9%          3
e - Petrify               Tmut/Erth      ##......     45%         4

Your spell library contained the following spells:

 Spells                   Type           Power        Failure   Level
 Airstrike                Air            ####......   12%         4
 Confusing Touch          Hex            #.......     28%         3
 Lightning Bolt           Conj/Air       ####......   41%         5
 Yara's Violent Unravell  Hex/Tmut       #.........   91%         5
 Metabolic Englaciation   Hex/Ice        #.........   95%         5


Dungeon Overview and Level Annotations

Branches:
Dungeon (5/15)
 Temple: D:4-7

Altars:
Ru
Trog


Message History

The puff of frost misses you.
You hear a twanging sound.
An arrow appears from out of thin air!
The arrow hits you!
You see here an arrow.
Okay, then.
A white imp comes into view.
A giant cockroach comes into view.
Something hits you. The white imp gestures at you.
The puff of frost hits something!
Something hits you.
You see here an arrow.
You barely miss something. The white imp gestures at you.
The puff of frost hits you. Something hits you.
You closely miss something. Something hits you. The white imp gestures at you.
The puff of frost hits you!
* * * LOW HITPOINT WARNING * * *
You barely miss something. Something hits you!
You die...

............#....
.......#...#....
.......#........
.......55.......
...........#....
....†B..<.......
...#.#.........
#.#†##......
##@## #..... ###
##... .. .


You could see 2 white imps and a giant cockroach.

Vanquished Creatures
  Sigmund (D:3)
  A phantom (D:4)
  2 howler monkeys (D:5)
  An orc priest (D:4)
  An orc wizard (D:4)
  2 hounds
  An iguana (D:4)
  2 worker ants (D:4)
  A hound skeleton (D:4)
  6 adders
  An ooze (D:1)
  8 worms
  A dart slug (D:1)
  2 leopard geckos
  4 orcs (D:4)
  3 bats
  3 giant cockroaches
  9 goblins
  10 hobgoblins
  11 jackals
  6 kobolds
  2 ball pythons
  6 frilled lizards
  13 rats
97 creatures vanquished.

Vanquished Creatures (others)
  A frilled lizard (D:1)
1 creature vanquished.

Grand Total: 98 creatures vanquished

Notes
Turn   | Place    | Note
-------+----------+-------------------------------------------
     0 | D:1      | jiml777 the Deep Elf Air Elementalist began the quest for
                  | the Orb.
     0 | D:1      | Reached XP level 1. HP: 10/10 MP: 6/6
   381 | D:1      | You fall into a shaft and drop 1 floor!
   490 | D:1      | Reached XP level 2. HP: 15/15 MP: 2/8
   667 | D:1      | Learned a level 2 spell: Swiftness
  1087 | D:1      | Reached XP level 3. HP: 19/19 MP: 6/9
  1946 | D:2      | Noticed a moth of wrath
  1949 | D:2      | Found a bloodstained altar of Trog.
  2105 | D:2      | Reached XP level 4. HP: 20/24 MP: 5/11
  2110 | D:2      | Learned a level 3 spell: Static Discharge
  2236 | D:2      | Found a sacrificial altar of Ru.
  2400 | D:2      | Learned a level 3 spell: Gell's Gravitas
  3300 | D:3      | Noticed Sigmund
  3322 | D:3      | Killed Sigmund
  3322 | D:3      | Reached skill level 5 in Spellcasting
  3322 | D:3      | Reached XP level 5. HP: 25/28 MP: 1/14
  3322 | D:3      | Reached XP level 6. HP: 28/32 MP: 1/15
  3328 | D:3      | Learned a level 4 spell: Petrify
  3712 | D:4      | Reached skill level 1 in Earth Magic
  4101 | D:4      | Reached skill level 1 in Evocations
  4217 | D:4      | Reached XP level 7. HP: 33/36 MP: 13/17
  4455 | D:5      | Entered Level 5 of the Dungeon
  4486 | D:5      | Reached skill level 5 in Air Magic
  4492 | D:5      | Slain by a centaur

Illustrated notes

Levels and vault maps discovered:
D:1:      kilobyte_arrival_exit_the_forest, layout_basic, lemuel_flame_loot_1
D:2:      layout_basic, tgw_trog, nicolae_ru_awakened_eye
D:3:      layout_rooms, hangedman_decor_push, uniq_sigmund
D:4:      layout_basic
D:5:      layout_cave_pools, grunt_dithmenos_shadows,
          minmay_temple_entry_stoned_glass, serial_shops, nicolae_shop_stone,
          uniq_crazy_yiuf_cottage, uniq_blork_the_orc

Skill      XL: |  1  2  3  4  5  6  7 |
---------------+----------------------+-----
Spellcasting   | 5 |  5.8
Air Magic      | 4 5 |  5.0
Conjurations   | 3 |  3.4
Translocations | 2 |  2.8
Earth Magic    | 1 2 |  2.0
Dodging        | 3 |  3.3
Evocations     | 1 |  1.4
Stealth        | |  2.8
Transmutations | |  0.9

Action                   |  1- 3 |  4- 6 |  7- 9 || total
-------------------------+-------+-------+-------++-------
Melee: Unarmed           |     1 |       |       ||     1
       Club              |     3 |       |       ||     3
       Dagger            |       |     2 |     3 ||     5
 Cast: Shock             |    87 |   129 |    31 ||   247
       Swiftness         |       |     1 |       ||     1
  Use: Scroll            |     5 |     4 |       ||     9
       Potion            |       |     1 |       ||     1
Armor: Robe              |     6 |     7 |     1 ||    14
Dodge: Dodged            |    45 |    32 |     7 ||    84

Table legend: (Time is in decaauts)
 A = Elapsed time spent in this place.
 B = Non-inter-level travel time spent in this place.
 C = Inter-level travel time spent in this place.
 D = Time resting spent in this place.
 E = Time spent auto-exploring this place.
 F = Levels seen in this place.
 G = Mean time per level.
                   A        B        C        D        E       F      G
               +--------+--------+--------+--------+--------+-----+--------+
         Total |   4499 |   4422 |     77 |   1721 |   1582 |   5 |  899.8 |
       Dungeon |   4499 |   4422 |     77 |   1721 |   1582 |   5 |  899.8 |
               +--------+--------+--------+--------+--------+-----+--------+

Top non-repeatable levels by time:
     D:1: 1418 daAuts
     D:2: 1162 daAuts
     D:3: 1083 daAuts
     D:4: 799 daAuts
     D:5: 36 daAuts
